 Dungeon Crawl Stone Soup version 0.15.0-18-g9076a4f (webtiles) character file.

203 MDvedh the Cudgeler (level 6, -2/47 HPs)
             Began as a Formicid Fighter on Sept 7, 2014.
             Slain by an orc warrior
             ... wielding a +0 mace
              (14 damage)
             ... on Level 5 of the Dungeon.
             The game lasted 00:05:20 (2558 turns).

MDvedh the Cudgeler (Formicid Fighter)              Turns: 2558, Time: 00:05:20

HP  -2/47        AC 11     Str 25      XL: 6   Next:  8%
MP   8/8         EV  6     Int  8      God:
Gold 171         SH 10     Dex 12      Spells:  0 memorised,  5 levels left

rFire  . . .     SeeInvis +     a - +0 flail
rCold  . . .     Clarity  .     f - +0 chain mail
rNeg   . . .     rCorr    .     c - +0 shield
rPois  .         rRot     .     (helmet unavailable)
rElec  .         Spirit   .     (no cloak)
SustAb .         Warding  .     p - +1 pair of gloves
rMut   .         Stasis   +     (no boots)
Gourm  .                        (no amulet)
MR     +....                    (no ring)
                                n - ring of protection from magic

@: mighty, somewhat resistant to hostile enchantments, extremely unstealthy
A: permanent stasis, dig shafts and tunnels, four strong arms, antennae 3
a: Dig, Shaft Self


You were on level 5 of the Dungeon.
You were not hungry.

You visited 1 branch of the dungeon, and saw 4 of its levels.

You collected 171 gold pieces.

Inventory:

Hand weapons
 a - a +0 flail (weapon)
Armour
 c - a +0 shield (worn)
 f - a +0 chain mail (worn)
 p - a +1 pair of gloves (worn)
Magical devices
 q - a wand of digging (20)
Comestibles
 b - 2 rotting chunks of orc flesh
 d - a bread ration
Scrolls
 m - a scroll of random uselessness
Jewellery
 j - an uncursed ring of fire
 n - a ring of protection from magic (left hand)
Potions
 l - a potion of magic {unknown}
 r - a potion of haste {unknown}
 s - a potion of confusion {unknown}


   Skills:
 - Level 3.2 Fighting
 + Level 5.8 Maces & Flails
 - Level 3.2 Armour
 - Level 3.6 Shields


You had 5 spell levels left.
You didn't know any spells.

Dungeon Overview and Level Annotations

Branches:
Dungeon (5/15)
 Temple: D:4-7

Altars:

Annotations:
D:2 Ijyb
D:3 Sigmund
D:5 Blork the orc


Innate Abilities, Weirdness & Mutations

Your are under a permanent stasis effect.
You can dig through walls and to a lower floor.
Your four strong arms can wield two-handed weapons with a shield.
You have a pair of large antennae on your head (SInv).


Message History

* * * LOW HITPOINT WARNING * * *
Unknown command.
You hit the orc priest.
The orc priest is severely wounded.
Blork the orc mumbles some strange words.
You feel troubled.
Unknown command.
You sock the orc priest!
You kill the orc priest!
You have reached level 6!
Your experience leads to an increase in your attributes!
Increase (S)trength, (I)ntelligence, or (D)exterity?
You feel agile. You block Blork the orc's attack.
You closely miss the orc warrior. You block the orc warrior's attack.
Unknown command.
Drink which item? (? for menu, Esc to quit)
You feel refreshed.
It was a potion of restore abilities.
The orc warrior hits you with a mace!
You die...

### ### ### #.###.#
#o#########**** #...#.#
#.oo{.g....,,,*
#.#.#.#########o#########**,*
#.#(#......%....@.........*,*
#.#.#...#######.#.......#,*,*
#.#.............#.#####.#,*,*
#........########.#,,,*,*,*,*
.........# #.#,*,*,*,*,*
.........# #.#{*,*,*,*,*
##.......# #.#,*,*,*,*,*
#.......# #.#,*,*,*,*,*
##+###+## #.#,*,*,*,*,*


You could see an orc warrior and an orc.

Vanquished Creatures
  An orc priest (D:5)
  An orc wizard (D:3)
  A gnoll (D:1)
  6 adders
  3 worms
  2 giant geckos
  An ooze (D:1)
  4 orcs (D:3)
  5 giant cockroaches
  6 goblins
  7 hobgoblins
  5 jackals
  5 bats
  A giant newt (D:2)
  8 kobolds
  3 rats
  2 ballistomycetes (D:3)
61 creatures vanquished.

Vanquished Creatures (others)
  A goblin (D:3)
  A giant spore (D:3)
2 creatures vanquished.

Grand Total: 63 creatures vanquished

Notes
Turn   | Place    | Note
--------------------------------------------------------------
     0 | D:1      | MDvedh, the Formicid Fighter, began the quest for the Orb.
     0 | D:1      | Reached XP level 1. HP: 18/18 MP: 1/1
   135 | D:1      | Reached XP level 2. HP: 20/24 MP: 3/3
   419 | D:1      | Reached XP level 3. HP: 20/29 MP: 4/4
  1064 | D:2      | Reached skill level 4 in Maces & Flails
  1064 | D:2      | Reached XP level 4. HP: 30/35 MP: 5/5
  1176 | D:2      | Noticed Ijyb
  1801 | D:3      | Reached XP level 5. HP: 29/41 MP: 7/7
  1843 | D:3      | HP: 1/41 [something (31)]
  2144 | D:3      | Reached skill level 5 in Maces & Flails
  2237 | D:3      | Noticed Sigmund
  2267 | D:3      | You fall through a shaft for 2 floors!
  2267 | D:5      | Entered Level 5 of the Dungeon
  2542 | D:5      | Noticed Blork the orc
  2543 | D:5      | Noticed an orc warrior
  2555 | D:5      | Reached XP level 6. HP: 11/47 MP: 8/8
  2558 | D:5      | Slain by an orc warrior

Action                   |  1- 3 |  4- 6 || total
-------------------------+-------+-------++-------
Melee: Flail             |    82 |   166 ||   248
 Abil: Shaft Self        |       |     1 ||     1
Evoke: Wand              |       |     1 ||     1
  Use: Scroll            |       |     5 ||     5
       Potion            |       |     3 ||     3
  Eat: Chunk             |       |     6 ||     6
